 Dungeon Crawl Stone Soup version 0.18-a0-1405-g73f4075 (webtiles) character file.

112 glosham the Cudgeler (level 4, -1/48 HPs)
             Began as an Ogre Fighter on Feb 25, 2016.
             Slain by a gnoll
             ... wielding a +0 club
              (5 damage)
             ... on level 4 of the Dungeon.
             The game lasted 00:06:54 (558 turns).

glosham the Cudgeler (Ogre Fighter)                  Turns: 558, Time: 00:06:54

Health: -1/48      AC:  3    Str: 22    XL:     4   Next: 95%
Magic:  4/4        EV: 10    Int:  7    God:
Gold:   53         SH:  0    Dex:  9    Spells: 0 memorised, 3 levels left

rFire  . . .     SeeInvis .     a - +0 flail
rCold  . . .     Gourm    .     X - +0 robe
rNeg   . . .     Faith    .     (no shield)
rPois  .         Spirit   .     (helmet restricted)
rElec  .         Dismiss  .     (no cloak)
rCorr  .         Reflect  .     (gloves unavailable)
SustAt .         Harm     .     (boots unavailable)
MR     .....                    (no amulet)
Stlth  +.........               (no ring)
                                (no ring)

@: not resistant to hostile enchantments, very unstealthy
A: unfitting armour, tough skin 1
a: no special abilities


You were on level 4 of the Dungeon.
You were not hungry.

You visited 1 branch of the dungeon, and saw 4 of its levels.

You collected 53 gold pieces.

Inventory:

Hand Weapons
 a - a +0 flail (weapon)
Missiles
 c - 12 poisoned needles
Armour
 X - a +0 robe (worn)
 Z - a +0 shield
Wands
 i - a wand of hasting (4/9)
Scrolls
 e - 2 scrolls of identify {unknown}
 k - a scroll of magic mapping {unknown}
Potions
 d - a potion of might
 h - a potion of lignification {unknown}
 j - a potion of ambrosia {unknown}
Comestibles
 b - 2 bread rations
 f - 3 fruits
 g - a meat ration


   Skills:
 - Level 4.0 Fighting
 * Level 6.5 Maces & Flails
 - Level 2.6 Dodging
 - Level 2.6 Shields


You had 3 spell levels left.
You didn't know any spells.

Dungeon Overview and Level Annotations

Branches:
Dungeon (4/15)
 Temple: D:4-7

Altars:


Innate Abilities, Weirdness & Mutations

You are too large for most types of armour.
You have tough skin (AC +1).


Message History

e - 2 scrolls labeled DIGAADW WADEG (gained 1)
Found a scroll labeled DIGAADW WADEG.
A giant gecko skeleton comes into view.
You hit the giant gecko skeleton.
The giant gecko skeleton bites you but does no damage.
You barely miss the giant gecko skeleton.
The giant gecko skeleton closely misses you.
The gnoll shouts!
You hear a shout! x2
Found a plate armour.
A gnoll comes into view. It is wielding a club.
The gnoll shouts!
The gnoll throws a throwing net.
The throwing net completely misses you.
You see here a throwing net.
Found a scroll labeled DIGAADW WADEG.
You see here a plate armour.
You hit the giant gecko skeleton. The giant gecko skeleton bites you.
You barely miss the giant gecko skeleton.
The giant gecko skeleton bites you but does no damage.
You hit the giant gecko skeleton.
You destroy the giant gecko skeleton!
You hit the gnoll.
The gnoll is heavily wounded.
The gnoll hits you with a whip! The gnoll hits you with a whip.
You thump the gnoll!
You kill the gnoll!
You sock the gnoll!
The gnoll is severely wounded.
The gnoll barely misses you.
You completely miss the gnoll.
The gnoll is severely wounded.
The gnoll hits you!
* * * LOW HITPOINT WARNING * * *
You hit the gnoll.
You kill the gnoll!
You completely miss the gnoll. The gnoll hits you but does no damage.
You closely miss the gnoll. The gnoll hits you with a club.
* * * LOW HITPOINT WARNING * * *
You completely miss the gnoll. The gnoll completely misses you.
The gnoll hits you with a club.
You die...

...#####(.######..##.####
........................#
.....###.#######...####.#
....####.#####<...## #.#
........)[.....#..## #.#
...................####.###
####..##...#####.....##...#
#.###.#.# #g..#......#
#..##..#.# #@#..##....#
.>.##..#..# #.##.##....#
#.####.##.######.#........#
..............)...(...#.###
####...######.#####...#
#..# #.# (....# .... #.#
.......# #..## #?#
.........# ....
#.##.§.§..?..#


You could see a gnoll.

Vanquished Creatures
  A hound (D:4)
  An orc wizard (D:4)
  3 gnolls (D:4)
  An adder (D:3)
  A dart slug (D:1)
  2 orcs (D:4)
  A giant cockroach (D:2)
  2 goblins
  A hobgoblin (D:2)
  A quokka (D:2)
  A giant gecko skeleton (D:4)
  2 kobolds (D:1)
17 creatures vanquished.

Notes
Turn   | Place    | Note
--------------------------------------------------------------
     0 | D:1      | glosham the Ogre Fighter began the quest for the Orb.
     0 | D:1      | Reached XP level 1. HP: 24/24 MP: 1/1
   141 | D:1      | Reached skill level 3 in Maces & Flails
   207 | D:2      | Reached XP level 2. HP: 32/32 MP: 2/2
   294 | D:3      | Reached skill level 4 in Maces & Flails
   339 | D:4      | Reached skill level 5 in Maces & Flails
   339 | D:4      | Reached XP level 3. HP: 26/39 MP: 3/3
   356 | D:4      | HP: 3/39 [hound (3)]
   357 | D:4      | Reached skill level 6 in Maces & Flails
   357 | D:4      | Reached XP level 4. HP: 3/48 MP: 4/4
   541 | D:4      | HP: 1/48 [gnoll/club (5)]
   558 | D:4      | Slain by a gnoll

Vault maps used:
D:1:      dpeg_arrival_radiant
D:3:      lemuel_round_altar, lemuel_blue_sif_altar, minmay_liquid_box,
          vehumet_altar_wand_db
D:4:      serial_shops, kennysheep_mini_moat

Skill      XL: |  1  2  3 |
---------------+----------+-----
Maces & Flails | 3 5 6 |  6.5
Fighting       | |  4.0
Dodging        | |  2.6
Shields        | |  2.6

Action                   |  1- 3 |  4- 6 || total
-------------------------+-------+-------++-------
Melee: Flail             |    38 |    17 ||    55
 Stab: Sleeping          |     1 |       ||     1

Table legend:
 A = Turns spent in this place as a percentage of turns spent in the entire game.
 B = Non-inter-level travel turns spent in this place as a percentage of non-inter-level travel turns spent in the entire game.
 C = Inter-level travel turns spent in this place as a percentage of turns spent in this place.
 D = Turns resting spent in this place as a percentage of non-inter-level travel turns spent in this place.
 E = Turns spent auto-exploring this place as a percentage of non-inter-level travel turns spent in this place.
 F = Non-inter-level travel turns spent in this place divided by the number of levels of this place that you've seen.
                   A       B       C       D       E      F
               +-------+-------+-------+-------+-------+----------------------
         Total | 100.0 | 100.0 |   0.0 |   0.0 |   0.0 | 112.2
       Dungeon | 100.0 | 100.0 |   0.0 |   0.0 |   0.0 | 112.2
               +-------+-------+-------+-------+-------+----------------------

Table legend:
 A = Kills in this place as a percentage of kills in entire the game.
 B = Kills by you in this place as a percentage of kills by you in the entire game.
 C = Kills by friends in this place as a percentage of kills by friends in the entire game.
 D = Other kills in this place as a percentage of other kills in the entire game.
 E = Experience gained in this place as a percentage of experience gained in the entire game.
 F = Experience gained in this place divided by the number of levels of this place that you have seen.
                   A       B       C       D       E      F
               +-------+-------+-------+-------+-------+----------------------
         Total | 100.0 | 100.0 |  -nan |  -nan | 100.0 |  40.2
       Dungeon | 100.0 | 100.0 |  -nan |  -nan | 100.0 |  40.2
               +-------+-------+-------+-------+-------+----------------------

Vault maps used:
D:1:      dpeg_arrival_radiant
D:3:      lemuel_round_altar, lemuel_blue_sif_altar, minmay_liquid_box,
          vehumet_altar_wand_db
D:4:      serial_shops, kennysheep_mini_moat
